 Dungeon Sprint DCSS version 0.20-a0-1062-g7b787ac (webtiles) character file.

186 Dipster the Ruffian (level 5, -3/52 HPs)
             Began as a Deep Dwarf Transmuter on Apr 27, 2017.
             Was an Initiate of Sif Muna.
             Slain by a two-headed ogre
             ... wielding a +0 giant club
              (6 damage)
             ... in the Dungeon (Sprint IX: "|||||||||||||||||||||||||||||").
             The game lasted 00:01:42 (273 turns).

Dipster the Ruffian (Deep Dwarf Transmuter)          Turns: 273, Time: 00:01:42

Health: -3/52      AC: 11    Str: 14    XL:     5   Next: 38%
Magic:  6/6        EV:  6    Int: 14    God:    Sif Muna [......]
Gold:   0          SH:  0    Dex: 13    Spells: 6/7 levels left

rFire    . . .     SeeInvis .     - Unarmed
rCold    . . .     Gourm    .   (no shield)
rNeg     . . .     Faith    .   s - +1 chain mail
rPois    .         Spirit   .   r - +0 helmet
rElec    .         Reflect  .   q - +0 cloak
rCorr    .         Harm     .   (no gloves)
MR       .....     NoTele   +   (no boots)
Stlth    ..........             (no amulet)
Regen    0.0/turn               (no ring)
MPRegen  0.1/turn               (no ring)

@: very slightly contaminated, non-regenerating, invisible
A: damage resistance, heal wounds, sense surroundings 1, no regeneration
a: Heal Wounds, Renounce Religion


You were in the Dungeon.
You worshipped Sif Muna.
Sif Muna was noncommittal.
You were not hungry.

You visited 1 branch

Inventory:

Hand Weapons
 p - a +4 quarterstaff of speed
Missiles
 a - 12 arrows
Armour
 b - a +0 robe
 q - a +0 cloak (worn)
 r - a +0 helmet (worn)
 s - a +1 chain mail (worn)
Magical Staves
 o - an uncursed staff of energy
Jewellery
 t - a +2 ring of protection
 u - a +3 ring of dexterity
Wands
 n - a wand of iceblast (7/15)
Scrolls
 j - 2 scrolls of blinking
 l - 3 scrolls of remove curse
 m - 2 scrolls of amnesia
Potions
 e - 5 potions of curing
 f - a potion of heal wounds
 g - a potion of haste
 h - 4 potions of magic
Books
 c - a book of Changes

   Spells                             Type                      Level
   a - Beastly Appendage              Transmutation                1
   b - Sticks to Snakes               Transmutation                2
   c - Spider Form                    Transmutation/Poison         3
   d - Ice Form                       Ice/Transmutation            4
   e - Blade Hands                    Transmutation                5
Comestibles
 d - a bread ration
 i - a chunk of flesh


   Skills:
 + Level 5.0 Fighting
 - Level 2.1 Dodging
 * Level 7.7 Unarmed Combat
 - Level 1.7 Spellcasting
 + Level 5.3 Transmutations


You had 6 spell levels left.
You knew the following spells:

 Your Spells              Type           Power        Failure   Level  Hunger
a - Beastly Appendage     Tmut           ###...       63%         1    ##.....


Dungeon Overview and Level Annotations

Branches:
Dungeon (1/1)

Altars:
Cheibriados
Dithmenos
Elyvilon
Fedhas
Gozag
Hepliaklqana
Kikubaaqudgha
Makhleb
Nemelex Xobeh
Okawaru
Qazlal
Ru
Sif Muna
Trog
Uskayaw
Vehumet
Wu Jian
Xom
Yredelemnul
Zin
The Shining One
Beogh
Jiyva
Lugonu


Innate Abilities, Weirdness & Mutations

You are resistant to damage.
You can heal yourself by infusing magical energy.
You passively map a small area around you.
You do not regenerate.


Message History

The two-headed ogre is heavily wounded.
The gnoll sergeant hits you but does no damage.
You feel much better. The two-headed ogre barely misses you.
The two-headed ogre hits you with a giant club.
You strike the helpless two-headed ogre from behind!
You hit the two-headed ogre.
The two-headed ogre is heavily wounded.
The two-headed ogre hits you with a giant club!
The two-headed ogre completely misses you.
You punch the two-headed ogre!
The two-headed ogre is severely wounded.
You barely miss the two-headed ogre.
The two-headed ogre is severely wounded.
The two-headed ogre hits you with a giant club!!
* * * LOW HITPOINT WARNING * * *
The two-headed ogre barely misses you.
Your chain mail prevents you from hitting the two-headed ogre.
The two-headed ogre is severely wounded.
The two-headed ogre hits you with a giant club!
You die...

, * * * * * * * , , , * *
* * , , , ,,,+ , , * ** *
* * , , , ,, , , ,
▓▓▓▓▓▓▓▓▓▓▓▓▓▓▓▓▓▓▓▓▓▓▓▓▓
_______'...)....@OgZO5F.+
,
▓▓▓▓▓▓▓▓▓▓▓▓▓▓▓▓▓▓▓▓▓▓▓▓▓


You could see a two-headed ogre, an ogre, a gnoll sergeant, a bullfrog, a
crimson imp and an adder skeleton.

Vanquished Creatures
  An ice beast (D)
  A crimson imp (D)
  An iguana (D)
  An orc wizard (D)
  2 bats (D)
  A bat skeleton (D)
  A kobold (D)
  A ball python (D)
  A rat (D)
10 creatures vanquished.

Notes
Turn   | Place    | Note
-------+----------+-------------------------------------------
     0 | D        | Dipster the Deep Dwarf Transmuter began the quest for the Orb.
     0 | D        | Reached XP level 1. HP: 16/16 MP: 3/3
     6 | D        | Reached skill level 1 in Fighting
     6 | D        | Reached skill level 3 in Unarmed Combat
    31 | D        | Noticed an orc wizard
    31 | D        | Noticed an ice beast
    31 | D        | Noticed a crimson imp
    31 | D        | Noticed an iguana
    38 | D        | Killed an orc wizard
    38 | D        | Reached skill level 4 in Unarmed Combat
    38 | D        | Reached XP level 2. HP: 27/27 MP: 4/4
    38 | D        | Reached XP level 3. HP: 33/33 MP: 5/5
    47 | D        | Killed an ice beast
    47 | D        | Reached skill level 6 in Unarmed Combat
    47 | D        | Reached XP level 4. HP: 37/45 MP: 6/6
    61 | D        | Reached skill level 7 in Unarmed Combat
    61 | D        | Reached skill level 5 in Transmutations
    61 | D        | Reached XP level 5. HP: 22/51 MP: 7/7
   117 | D        | Reached skill level 5 in Fighting
   187 | D        | Found a roughly hewn altar of Beogh.
   187 | D        | Found a snail-covered altar of Cheibriados.
   187 | D        | Found a shadowy altar of Dithmenos.
   187 | D        | Found a white marble altar of Elyvilon.
   187 | D        | Found a blossoming altar of Fedhas.
   187 | D        | Found an opulent altar of Gozag.
   188 | D        | Found a hazy altar of Hepliaklqana.
   189 | D        | Found a viscous altar of Jiyva.
   190 | D        | Found an ancient bone altar of Kikubaaqudgha.
   191 | D        | Found a corrupted altar of Lugonu.
   192 | D        | Found a burning altar of Makhleb.
   193 | D        | Found a sparkling altar of Nemelex Xobeh.
   194 | D        | Found an iron altar of Okawaru.
   195 | D        | Found a stormy altar of Qazlal.
   196 | D        | Found a sacrificial altar of Ru.
   197 | D        | Found a deep blue altar of Sif Muna.
   198 | D        | Found a bloodstained altar of Trog.
   199 | D        | Found a hide-covered altar of Uskayaw.
   200 | D        | Found a radiant altar of Vehumet.
   201 | D        | Found an ornate altar of the Wu Jian Council.
   202 | D        | Found a shimmering altar of Xom.
   203 | D        | Found a basalt altar of Yredelemnul.
   204 | D        | Found a glowing silver altar of Zin.
   205 | D        | Became a worshipper of Sif Muna the Loreminder
   206 | D        | Found a glowing golden altar of the Shining One.
   255 | D        | Noticed a two-headed ogre
   255 | D        | Noticed an ogre
   266 | D        | HP: 2/52 [two-headed ogre/giant club (14)]
   273 | D        | Slain by a two-headed ogre

Vault maps used:
D:        linesprint

Skill      XL: |  1  2  3  4  5 |
---------------+----------------+-----
Fighting       | 2 4 5 |  5.0
Unarmed Combat | 4 6 7 |  7.7
Transmutations | 3 4 5 |  5.3
Dodging        | |  2.1
Spellcasting   | |  1.7

Action                   |  1- 3 |  4- 6 || total
-------------------------+-------+-------++-------
Melee: Unarmed           |    35 |    60 ||    95
 Abil: Heal Wounds       |       |     1 ||     1
  Use: Potion            |     1 |     3 ||     4
 Stab: Sleeping          |     1 |       ||     1
       Invisible         |       |     4 ||     4
Armor: Robe              |    12 |     6 ||    18
       Chain mail        |       |     1 ||     1
Dodge: Dodged            |    21 |    34 ||    55
